 Dungeon Crawl Stone Soup version 0.28.0-43-g3370ac3207 (webtiles) character file.

Game seed: 13630906105853425850

44 terff the Covered (level 3, -5/29 HPs)
             Began as a Human Fighter on Mar 30, 2022.
             Slain by a gnoll
             ... wielding a +0 whip
              (6 damage)
             ... on level 2 of the Dungeon.
             The game lasted 00:02:05 (1439 turns).

terff the Covered (Human Fighter)                   Turns: 1439, Time: 00:02:06

Health: -5/29      AC: 12    Str: 16    XL:     3   Next: 87%
Magic:  3/3        EV:  4    Int:  8    God:
Gold:   50         SH:  5    Dex: 14    Spells: 2/2 levels left

rFire   . . .      SeeInvis .   d - +1 mace (vorpal)
rCold   . . .      Faith    .   c - +0 buckler
rNeg    + . .      Spirit   .   f - +1 plate armour {rN+}
rPois   .          Reflect  .   (no helmet)
rElec   .          Harm     .   (no cloak)
rCorr   .          Rampage  .   (no gloves)
Will    .....                   (no boots)
Stlth   ..........              (no amulet)
HPRegen 0.09/turn               (no ring)
MPRegen 0.08/turn               (no ring)

@: no status effects
A: no striking features
a: no special abilities


You were on level 2 of the Dungeon.
You visited 1 branch of the dungeon, and saw 2 of its levels.

You collected 50 gold pieces.

Inventory:

Hand Weapons
 a - a +0 flail
 d - a +1 vorpal mace (weapon)
Armour
 b - a +0 scale mail
 c - a +0 buckler (worn)
 f - a +1 plate armour of positive energy (worn)
Scrolls
 e - a scroll of identify {unknown}
 g - a scroll of teleportation {unknown}
 h - a scroll of fog {unknown}
 i - a scroll of enchant armour {unknown}


   Skills:
 * Level 3.5 Fighting
 + Level 2.3 Maces & Flails
 + Level 3.6 Armour
 + Level 3.2 Shields


You had 2 spell levels left.
You didn't know any spells.
Your spell library was empty.

Dungeon Overview and Level Annotations

Branches:
Dungeon (2/15)

Altars:


Message History

The goblin hits you but does no damage. The gnoll hits you with a +0 spear.
The goblin hits you with a +0 club.
Things that are here:
a +0 dagger; a goblin corpse You sock the gnoll!
The gnoll is almost dead.
The gnoll barely misses you. The goblin hits you with a +0 club.
The gnoll hits you with a +0 spear. The goblin barely misses you.
You hit the gnoll.
You kill the gnoll!
The goblin hits you but does no damage.
A gnoll comes into view. It is wielding a +0 club.
The goblin hits you with a +0 club.
* * * LOW HITPOINT WARNING * * *
You see here a +0 spear.
You thump the goblin!
You kill the goblin!
A gnoll comes into view. It is wielding a +0 whip.
You see here a +0 club.
The gnoll throws a throwing net.
The throwing net completely misses you.
Things that are here:
a +0 dagger; a goblin corpse The gnoll throws a throwing net.
The throwing net hits you.
You become entangled in the net!
You see here a throwing net.
You struggle against the net.
You struggle against the net.
You shred the net and break free! The gnoll hits you with a +0 club.
* * * LOW HITPOINT WARNING * * *
You hit the gnoll.
The gnoll is moderately wounded.
The gnoll hits you with a +0 club.
* * * LOW HITPOINT WARNING * * *
The gnoll hits you but does no damage.
You closely miss the gnoll.
The gnoll is moderately wounded.
You block the gnoll's attack. The gnoll hits you with a +0 whip.
* * * LOW HITPOINT WARNING * * *
The gnoll hits you but does no damage. The gnoll hits you with a +0 whip.
You die...

..............#
......#.##....#
#####.#.# ...#
#.#.##.....
#..........
#######.#.###.###
........#.###
####........#
#........@.#
#(.#.###.gg#
#..#.###(..#
#.......†)!#
#..#####.))#
..............#
..######.#####g#
#.# #.#


You could see 2 gnolls.

Vanquished Creatures
  A gnoll (D:2)
  A dart slug (D:1)
  3 ball pythons (D:1)
  2 endoplasms (D:1)
  2 giant cockroaches (D:1)
  5 goblins
  4 hobgoblins
  A quokka (D:2)
  2 bats (D:1)
  2 frilled lizards (D:1)
  3 kobolds (D:1)
  3 rats (D:1)
29 creatures vanquished.

Notes
Turn   | Place    | Note
-------+----------+-------------------------------------------
     0 | D:1      | terff the Human Fighter began the quest for the Orb.
     0 | D:1      | Reached XP level 1. HP: 18/18 MP: 1/1
   265 | D:1      | Reached XP level 2. HP: 24/24 MP: 2/2
   663 | D:1      | Reached XP level 3. HP: 10/29 MP: 3/3
  1439 | D:2      | HP: 1/29 [gnoll/+0 whip (2)]
  1439 | D:2      | Slain by a gnoll

Illustrated notes

Levels and vault maps discovered:
D:1:      scummos_arrival_checkerplants, layout_basic
D:2:      kennysheep_big_flooded_room, layout_basic,
          hellmonk_ecumenical_altar_zigzags, minmay_quantized, uniq_robin,
          uniq_crazy_yiuf_cottage, uniq_terence

Action                   || total
-------------------------++-------
Melee: Flail             ||    63
       Mace              ||    34
  Use: Potion            ||     1
Armor: Scale mail        ||    16
       Plate armour      ||    74
Dodge: Dodged            ||    39
Block: Buckler           ||    37
